Description

Throughout my time in Sc2, a lot of diamond players and below seem to not have a solid opener from which to build onto the rest of the game on. This build order (for gas after barracks) and the VOD (for three openers in total) is useful for setting a solid foundation for the rest of the game, and is used by the pros.

VOD

https://www.youtube.com/watch?v=RCjPDaSOOo4&t=33s

Replay - Gas after Barracks Build

Build Order

Get SALT Encoding   

  12  0:00  SCV  
  13  0:12  SCV  
  14  0:18  Supply Depot  
  14  0:24  SCV  
  15  0:39  SCV  
  15  0:41  Barracks  
  16  0:45  Refinery  
  16  0:51  SCV  
  17  1:03  SCV  
  18  1:16  SCV  
  19  1:28  Orbital Command, Reaper  
  20  1:42  Command Center  
  20  1:53  SCV  
  21  1:54  Supply Depot  
  21  2:00  Marine  
  22  2:06  SCV  
  23  2:09  Factory  
  23  2:15  Refinery  
  23  2:18  SCV  
  24  2:23  Barracks Reactor  
  26  2:54  Starport  
  31  3:08  Barracks Tech Lab  
Spawning Tool Build Advisor. Get it on Overwolf

Go to:

Details

  • Created by: Sc2AnalysT   
  • Published on: Apr 13, 2018
  • Modified on: Apr 13, 2018
  • Patch: 4.0.0
Show
View Real Time Build Order
Export as new Build Order

Comments (0)

There are no comments. Be the first!

Create an account to comment!